[Event "Leca Open 2022"]
[Site "Leca da Palmeira"]
[Date "2022.08.03"]
[Round "6.7"]
[White "Pierrot, Facundo"]
[Black "Rodriguez Lopez, Rafael"]
[Result "1/2-1/2"]
[ECO "E68"]
[WhiteElo "2371"]
[BlackElo "2172"]
[Annotator "TA"]
[PlyCount "93"]
[EventDate "2022.08.02"]
[EventType "swiss"]
[EventCountry "POR"]
[SourceTitle "playchess.com"]
[Source "ChessBase"]
[SourceQuality "1"]
[TimeControl "5400+30"]

1. d4 Nf6 2. Nf3 g6 3. g3 Bg7 4. Bg2 O-O 5. c4 d6 6. O-O Nbd7 7. Nc3 e5 8. e4 exd4 9. Nxd4 Re8 10. Re1 Nc5 11. h3 Bd7 12. Bf4 h6 13. b3 {E68: King's Indian: Fianchetto: 6...Nbd7 7 0-0 e5 8 e4.} a5 {[#]} 14. Rc1 $146 (14. Rb1 {was preferrable.}) ({Predecessor:} 14. Qc2 Nfxe4 15. Nxe4 Bxd4 16. Rad1 Nxe4 17. Rxd4 Ng5 18. Rxe8+ Qxe8 19. Bxg5 hxg5 20. Bxb7 Rb8 {0-1 (39) Pavlov,S (2480)-Grischuk,A (2777) Chess.com INT 2020}) 14... g5 $11 15. Be3 Nfxe4 16. Nxe4 Nxe4 17. g4 c6 18. Qc2 d5 19. cxd5 cxd5 20. Qc7 Qxc7 ({Black should try} 20... Rc8 $1 $15 21. Qxd8 Rexd8) 21. Rxc7 Rad8 22. Rd1 Bc8 23. Nb5 Be5 24. Rc2 {And now Bb6 would win.} Be6 25. Nc7 Rc8 26. Rdc1 Rf8 (26... Bxc7 $11 {keeps the balance.} 27. Rxc7 f5) 27. Nxe6 $16 (27. Nxd5 {feels hotter.} Rxc2 28. Ne7+ Kg7 29. Rxc2 Nd6 30. Rc5) 27... Rxc2 28. Rxc2 fxe6 29. Bxe4 dxe4 {[%mdl 4096] Endgame KRB-KRB} 30. Rc5 Bf4 31. Rxa5 ({White has to play} 31. Bxf4 $16 Rxf4 32. Rxa5) 31... Bxe3 $11 {The position is equal.} 32. fxe3 $16 {KR-KR} Rf3 33. Rb5 Rxe3 34. Rxb7 {Black must now prevent a4.} Rxh3 35. a4 e3 {[%cal Oh3h1] [#] Strongly threatening ...Rh1+!} 36. Kf1 Rh2 37. a5 Ra2 $1 38. b4 {aiming for Re7.} h5 $1 39. gxh5 g4 {[#] Hoping for ...g3.} 40. h6 Kh8 41. Rg7 Rf2+ $1 42. Ke1 Rf4 $1 43. a6 Rxb4 44. a7 Ra4 45. Ke2 Ra2+ 46. Kxe3 {White threatens Kf4 and mate.} g3 $1 47. Rxg3 {Weighted Error Value: White=0.12 (very precise) /Black=0.11 (very precise)} 1/2-1/2

[Event "Leca Open 2022"]
[Site "Leca da Palmeira"]
[Date "2022.08.03"]
[Round "6.8"]
[White "Pandey Srishti"]
[Black "Panesar Vedant"]
[Result "1/2-1/2"]
[ECO "B97"]
[WhiteElo "2101"]
[BlackElo "2318"]
[Annotator "TA"]
[PlyCount "57"]
[EventDate "2022.08.02"]
[EventType "swiss"]
[EventCountry "POR"]
[SourceTitle "playchess.com"]
[Source "ChessBase"]
[SourceQuality "1"]
[TimeControl "5400+30"]

1. e4 c5 2. Nf3 d6 3. d4 Nf6 4. Nc3 cxd4 5. Nxd4 a6 6. Bg5 e6 7. f4 Qb6 8. Qd2 Qxb2 9. Rb1 Qa3 10. f5 Nc6 11. fxe6 fxe6 12. Nxc6 bxc6 13. e5 dxe5 14. Bxf6 gxf6 15. Ne4 Qxa2 16. Rd1 Be7 17. Be2 O-O 18. O-O f5 19. Qh6 {The position is equal.} Qxc2 {B97: Sicilian Najdorf: Poisoned Pawn.} (19... fxe4 $2 20. Rxf8+ Bxf8 21. Qg5+ Kh8 22. Qf6+ Kg8 23. Bh5 $18) 20. Rf3 {[#] Rg3+ would kill now.} f4 {Prevents Rg3+.} ({But not} 20... Qxe2 21. Rg3+ Qg4 22. Rxg4+ fxg4 23. Qh5 $16) 21. Rh3 $1 {[%csl Gh3][%cal Rh6h7] Really sharp!} Rf7 22. Rhd3 $1 {[%cal Od3d8] Strongly threatening Rd8+!} Qxe2 23. Rd8+ $1 Rf8 24. Nf6+ Kf7 {[#]} 25. Qxh7+ $146 ({Predecessor:} 25. Nh5 Bxd8 26. Qxh7+ Ke8 27. Qg6+ Ke7 28. Qg5+ Kf7 29. Qg7+ Ke8 30. Qg6+ {½-½ (30) Watson,W (2470)-King,D (2515) London 1990}) 25... Kxf6 26. Qh6+ Kf7 27. Qh7+ Kf6 28. Qh6+ Kf7 29. Qh7+ {An interesting draw.  Weighted Error Value: White=0.00 (flawless) /Black=0.00 (flawless)} 1/2-1/2

[Event "Leca Open 2022"]
[Site "Leca da Palmeira"]
[Date "2022.08.03"]
[Round "6.9"]
[White "Modi, Shyam Jagdish"]
[Black "Stella, Andrea"]
[Result "0-1"]
[ECO "E04"]
[WhiteElo "2138"]
[BlackElo "2443"]
[Annotator "TA"]
[PlyCount "100"]
[EventDate "2022.08.02"]
[EventType "swiss"]
[EventCountry "POR"]
[SourceTitle "playchess.com"]
[Source "ChessBase"]
[SourceQuality "1"]
[TimeControl "5400+30"]

1. d4 Nf6 2. c4 e6 3. g3 d5 4. Bg2 dxc4 5. Nf3 c6 6. O-O b5 7. a4 {[%emt 0:08:50] E04: Open Catalan: 5 Nf3.} Bb7 8. Ne5 {[%emt 0:04:53] axb5 is the strong threat.} a6 9. b3 {[%emt 0:05:31] The position is equal.} cxb3 10. Bb2 {[%emt 0:00:42] 10.Qxb3 deserves study.} Be7 11. Nd2 O-O 12. Qxb3 (12. axb5 {seems wilder.} axb5 13. Rxa8 Bxa8 14. Qa1) 12... Nfd7 {[%emt 0:09:23] Strongly threatening ...Nxe5.} 13. Nd3 {[%emt 0:19:22][%mdl 1024] [#] White has compensation.} Ra7 $146 ({Predecessor:} 13... Qb6 14. Rfc1 Rc8 15. Ne4 a5 16. Nec5 Nxc5 17. Nxc5 Bxc5 18. dxc5 Qc7 19. axb5 cxb5 20. Qxb5 Bxg2 21. Kxg2 {0-1 (65) Kozlov,O (2294)-Molina,R (2400) Chess.com INT 2022}) 14. Rfc1 Nb6 15. a5 $1 Na4 (15... N6d7 $11) 16. Bc3 (16. Rxa4 $14 {keeps the upper hand.} bxa4 17. Qxa4) 16... Nd7 ({Better is} 16... c5 $17 {White must now prevent ...c4.} 17. Nxc5 Nxc5 18. dxc5 Bxc5) 17. Bb4 $11 e5 18. Bxc6 (18. Nxe5 $2 Bxb4 19. Qxb4 c5 $19) 18... Bxc6 19. Rxc6 exd4 20. Nf3 Nb8 21. Rc2 Re8 22. Rac1 Bf6 {[%emt 0:01:19] Prevents Nde5.} 23. Kf1 Qd7 (23... Nd7 $11) 24. Nf4 $1 $14 Rd8 25. Kg1 h6 26. Kf1 (26. h4 $11) 26... Rb7 (26... g5 $15 27. Nd3 Re8) 27. Kg1 Ra7 28. Kf1 (28. h4 $11) 28... Rb7 (28... g5 $15 {might be stronger.} 29. Nd3 Re8) 29. Kg1 Kh7 (29... Ra7 $11) 30. Qd3+ (30. Nh5 $16) 30... g6 $1 $11 31. h4 {[%emt 0:00:28] And now h5 would win.} Kg7 (31... Qe8 $11 {remains equal.}) 32. Kg2 Re8 33. Kf1 (33. Bc5 $14) 33... Rd8 {[%emt 0:00:32] [#]} (33... Kh8 $11 {keeps the balance.}) 34. Kg2 ({White should play} 34. h5 $1 $16 Qf5 35. hxg6 Qxd3 36. Nxd3 (36. exd3 Nc3 $16)) 34... Qe8 {[%emt 0:00:32] [#]} (34... Re8 $1 $11) 35. Kf1 $2 (35. Rc7 Rxc7 36. Rxc7 Rd7 37. Rxd7 Qxd7 $11) (35. h5 $1 $16 {Threatens to win with Rc7.} Nc3 36. hxg6 fxg6 37. e3) 35... Nc3 $1 $17 {[%emt 0:00:25] White is on the road to losing.} 36. Bc5 Nc6 37. Bb6 $2 {[%emt 0:00:48] [#]} (37. Nxd4 Nxd4 38. Rxc3) 37... Rxb6 $1 $19 {[%emt 0:00:32][%mdl 512] Black is clearly winning.} 38. axb6 Nb4 $1 39. Qd2 Nxc2 40. Rxc2 Qc6 41. Qd3 Qxb6 42. Rb2 Qc6 43. Qc2 a5 44. Kg1 a4 45. h5 g5 46. Nd3 a3 47. Ra2 Re8 48. Nc1 {[%emt 0:01:19] [#]} Nxe2+ $1 49. Nxe2 (49. Kg2 Qxc2) 49... Qxc2 {[%emt 0:00:26][%mdl 64] Remove Defender} 50. Rxc2 d3 {[%emt 0:00:03][%csl LRc2,LRe2] Weighted Error Value: White=0.48/Black=0.26 (precise)} 0-1

[Event "Leca Open 2022"]
[Site "Leca da Palmeira"]
[Date "2022.08.03"]
[Round "6.11"]
[White "Monteiro, Paulo Alexandre G"]
[Black "Martins, Bruno Andre Leite"]
[Result "0-1"]
[ECO "E46"]
[WhiteElo "1980"]
[BlackElo "2331"]
[Annotator "TA"]
[PlyCount "74"]
[EventDate "2022.08.02"]
[EventType "swiss"]
[EventCountry "POR"]
[SourceTitle "playchess.com"]
[Source "ChessBase"]
[SourceQuality "1"]
[TimeControl "5400+30"]

1. d4 Nf6 2. c4 e6 3. Nc3 Bb4 4. e3 O-O 5. Nge2 Re8 6. a3 Bf8 7. g3 d5 {Inhibits e4. E46: Nimzo-Indian: Rubinstein: 4 e3 0-0 5 Ne2 without early Bd3.} 8. cxd5 exd5 9. Bg2 c6 {Black has an edge.} 10. O-O Bf5 11. Nf4 Nbd7 12. f3 {[#]} h6 $146 ({Predecessor:} 12... Bd6 13. g4 Bg6 14. Nxg6 hxg6 15. e4 dxe4 16. fxe4 Qb6 17. Kh1 Rad8 18. b4 Bb8 {0-1 (53) Brizuela Abreu,R (2361)-Vazquez,G (2527) Chess.com INT 2020}) 13. Re1 g5 (13... Rc8 $15) 14. Nd3 $11 c5 15. Nxc5 Nxc5 16. dxc5 {Threatening b4.} Bxc5 17. b4 Bf8 18. Ne2 Bg7 19. Nd4 Bg6 20. Bb2 Nd7 21. Qb3 (21. f4 $5 ) 21... Ne5 22. Rad1 {Against Nd3} Nc4 23. Ba1 (23. Bc1 $15) 23... Qb6 ({Better is} 23... a5 $17 {Hoping for ...axb4.} 24. Bf1 a4) 24. Bh3 {[#]} (24. Bf1 $15) 24... a5 $1 $17 {[%cal Ba7a5,Ba5a4][%mdl 32] Black is more active.} 25. b5 Re7 (25... a4 $19 26. Qc3 Qc5) 26. Kg2 $2 {This costs White the game.} (26. Bf5 $17 {was worth a try.}) 26... a4 $19 27. Qc3 Rae8 28. e4 Nd6 ({Stronger than} 28... f5 29. exf5 Bxd4 30. Qxd4 Qxd4 31. Bxd4 Rxe1 32. Rxe1 $17) 29. Qb4 dxe4 30. Qxa4 $2 {[#]} (30. f4 gxf4 31. gxf4) 30... exf3+ 31. Nxf3 Rxe1 32. Nxe1 Re2+ {Black mates.} 33. Kh1 Qf2 34. Ng2 Bxa1 35. Rxa1 Be4 36. Rg1 Bxg2+ 37. Bxg2 Re1 {Weighted Error Value: White=0.73/Black=0.10 (very precise)} 0-1

[Event "Leca Open 2022"]
[Site "Leca da Palmeira"]
[Date "2022.08.03"]
[Round "6.12"]
[White "Bhagat, Kush"]
[Black "Touzane, Olivier"]
[Result "1/2-1/2"]
[ECO "A80"]
[WhiteElo "1813"]
[BlackElo "2266"]
[Annotator "TA"]
[PlyCount "112"]
[EventDate "2022.08.02"]
[EventType "swiss"]
[EventCountry "POR"]
[SourceTitle "playchess.com"]
[Source "ChessBase"]
[SourceQuality "1"]
[TimeControl "5400+30"]

1. d4 f5 2. Bf4 Nf6 3. e3 d5 4. Nf3 e6 5. Bd3 Be7 6. h3 {[%emt 0:00:14] A80: Dutch Defence: Unusual White second moves.} c6 7. Ne5 (7. O-O $16) 7... Nbd7 8. Nd2 {[%emt 0:04:17] [#] White is slightly better.} Qb6 $146 ({Predecessor:} 8... O-O 9. c3 Nxe5 10. Bxe5 b6 11. Nf1 Bb7 12. Bxf6 Bxf6 13. f4 Qe8 14. Qf3 c5 {1-0 (51) Papidakis,G (1652)-Gorskiy,A (1883) Heraklion 2018}) 9. Rb1 g6 (9... O-O $11) 10. O-O $16 O-O 11. c4 Qd8 12. b4 dxc4 13. Bxc4 Nb6 (13... Nxe5 $14 14. Bxe5 b5) 14. Qb3 Nxc4 15. Qxc4 (15. Ndxc4 {looks sharper.} Nd5 16. Bh6 Re8 17. e4) 15... a6 16. Bh2 {[%emt 0:01:31] White is much more active. The black rooks are badly placed.} (16. Bh6 $16) 16... Nd5 (16... a5 $1 $14) 17. Rfe1 (17. e4 $1 $16 ) 17... Bd7 ({Better is} 17... a5 $1 $14) 18. Nxd7 (18. e4 $16) 18... Qxd7 $11 19. Nf3 b5 20. Ne5 bxc4 21. Nxd7 Bxb4 (21... Rfd8 $11 {remains equal.} 22. Nc5 a5 23. Nxe6 Rdc8 24. bxa5 Rxa5) 22. Rxb4 ({Much worse is} 22. Nxf8 $6 Bxe1 23. Nxe6 Bd2 $11) (22. Rec1 $1 $16 Rfd8 23. Nb6 $1 ) 22... Nxb4 $14 23. Nxf8 Nd3 {[%emt 0:01:01] [#]} 24. Re2 Kxf8 {[%emt 0:01:48][%mdl 4096] Endgame KRB-KRN} 25. Rc2 a5 26. Rxc4 Ra6 $1 27. Rc3 Nb4 28. a3 Nd5 29. Rb3 Rb6 30. Rxb6 Nxb6 $11 {[%emt 0:00:04] KB-KN} 31. Bd6+ Ke8 32. Kf1 Kd7 33. Bc5 Na4 34. Ke2 e5 35. Ba7 {[%emt 0:02:53] [#]} (35. Kd3 $1 $11) 35... exd4 ({Black should play} 35... e4 $1 $17) 36. Bxd4 c5 37. Bf6 Nb6 38. Kd3 a4 39. f3 Nd5 40. Bg5 Kc6 41. e4 Nc7 42. g4 fxe4+ 43. fxe4 Kb5 44. Be3 Na8 45. e5 Nc7 46. Bf2 Nd5 47. h4 c4+ $2 (47... Kc6 $11) 48. Kd4 $18 Nc7 49. Kc3 $2 (49. Be1 $18) 49... h5 {[%emt 0:01:28] The position is equal.} 50. gxh5 gxh5 51. Kd4 {[%emt 0:00:14] Threatens to win with Bg3.} Ne6+ 52. Kc3 Nf4 53. Kd4 Ne6+ 54. Kc3 Nd8 55. Be3 {[%emt 0:00:36] Hoping for Kd4.} Ne6 56. Bf2 Nd8 {Weighted Error Value: White=0.20 (precise) /Black=0.27 (precise)} 1/2-1/2

[Event "Leca Open 2022"]
[Site "Leca da Palmeira"]
[Date "2022.08.03"]
[Round "6.13"]
[White "Prieto Martin, Alfonso"]
[Black "Harisurya Bharadwaj Gundepudi"]
[Result "0-1"]
[ECO "B12"]
[WhiteElo "2264"]
[BlackElo "1924"]
[Annotator "TA"]
[PlyCount "65"]
[EventDate "2022.08.02"]
[EventType "swiss"]
[EventCountry "POR"]
[SourceTitle "playchess.com"]
[Source "ChessBase"]
[SourceQuality "1"]
[TimeControl "5400+30"]

1. e4 c6 2. d4 d5 3. f3 dxe4 4. fxe4 e5 5. Nf3 exd4 6. Bc4 Be6 7. Bxe6 fxe6 8. O-O {[%emt 0:00:22] Hoping for Ng5.} Nd7 $2 {[%emt 0:29:09] [#] B12: Caro-Kann: Advance Variation.} (8... Nf6 $14) 9. Ng5 $1 $18 (9. Qxd4 $2 Bc5 10. Qxc5 Nxc5 $19) 9... Ngf6 10. Nxe6 Qe7 (10... Qa5) 11. Nc7+ Kd8 12. Nxa8 {[%emt 0:00:12] [#]} Qxe4 $146 ({Predecessor:} 12... Qc5 13. Rf5 Ne5 14. b4 Qd6 15. Bf4 Nfd7 16. Nd2 Qe6 17. Nf3 Nxf3+ 18. Qxf3 Bxb4 19. Nc7 Qc4 20. Qb3 Qxb3 21. axb3 {1-0 (21) Petrova,K (2299)-Volodin,V (2222) Olomouc 2010}) 13. Nd2 ({Not} 13. Rf4 Qe6 14. Rf1 (14. Qxd4 $2 Bc5 $19) 14... Bd6 $18) 13... Qd5 14. Qf3 Kc8 15. Qxd5 Nxd5 16. Ne4 Kb8 17. Rf7 Ne5 18. Rf5 Ng6 {[%emt 0:00:45] [#]} 19. Bd2 $1 Kxa8 (19... Rg8 20. Re1) 20. Raf1 Be7 21. Rf7 Rg8 22. Bg5 Bb4 (22... Ne3 {keeps fighting.} 23. R1f2 (23. Bxe7 Nxf1 24. Kxf1 Re8 $18) (23. Rxe7 Nxe7 24. Bxe3 dxe3 $11) 23... Ng4) 23. a3 Ba5 24. h4 {[%emt 0:01:43][%cal Bh2h4,Bh4h5][%mdl 32] h5 is the strong threat.} a6 25. h5 {[%emt 0:08:03] White is clearly winning.} Ne5 26. Rf8+ Rxf8 27. Rxf8+ Ka7 28. Nd6 Bc7 29. Nc8+ Kb8 30. Nb6+ Ka7 31. Nxd5 cxd5 32. Bf4 Kb6 33. Rf5 {[%emt 0:02:18][%mdl 32768] Black did not feel at home in the position after the opening.  Weighted Error Value: White=0.10 (very precise) /Black=0.47. Loss on time!?} 0-1

[Event "Leca Open 2022"]
[Site "Leca da Palmeira"]
[Date "2022.08.03"]
[Round "6.14"]
[White "Goncalves, Samuel Jesus P"]
[Black "Pena Duarte, Fabian Dario"]
[Result "1-0"]
[ECO "A50"]
[WhiteElo "1957"]
[BlackElo "2224"]
[Annotator "TA"]
[PlyCount "99"]
[EventDate "2022.08.02"]
[EventType "swiss"]
[EventCountry "POR"]
[SourceTitle "playchess.com"]
[Source "ChessBase"]
[SourceQuality "1"]
[TimeControl "5400+30"]

1. d4 Nf6 2. c4 c6 3. Nf3 d5 4. g3 e6 5. Bg2 dxc4 6. O-O b5 7. a4 {[%emt 0:00:16] E04: Open Catalan: 5 Nf3.} a5 (7... Bb7 $11) 8. b3 (8. Ne5 $14 Ra6 9. Bf4) 8... cxb3 $11 9. Qxb3 {[%emt 0:00:16] The position is equal.} b4 10. Ne5 {[%emt 0:00:59] [#]} Nd5 $146 ({Predecessor:} 10... Bb7 11. Bb2 Nfd7 12. Nd3 Be7 13. Nd2 O-O 14. Rac1 Nb6 15. Rfd1 Ba6 16. Ne4 Bxd3 17. Rxd3 {1-0 (52) Navalgund,N (2351)-Jishitha,D (1933) Mumbai 2017}) 11. e4 Nb6 12. Be3 Bd6 13. Nd2 (13. Nd3 $11) 13... O-O (13... Bxe5 $17 14. dxe5 N8d7) 14. f4 (14. Ndf3 $11) 14... Bxe5 $15 15. dxe5 Na6 (15... N8d7 $1 $17 {Hoping for ...c5.} 16. Qc2 c5) 16. f5 $14 exf5 17. exf5 Nd5 18. Ne4 {[%emt 0:05:52] White is more active.} Re8 (18... Nxe3 $16 {might work better.} 19. Qxe3 Qc7) 19. Bd4 $18 Nc3 (19... Nac7 {was worth a try.} 20. Rf2 Rf8) 20. Bxc3 (20. Nd6 Rf8 $18) 20... bxc3 21. Rad1 {[%emt 0:00:56] Inhibits Qd4+.} (21. Qxc3 Qb6+ 22. Rf2 (22. Kh1 Qb4 $14) 22... Qb4 $16) (21. Nxc3 Qd4+ 22. Kh1 Rb8 $17) 21... Qe7 22. Nd6 (22. Nxc3 Qc5+ 23. Kh1 Rb8 $17) 22... Nb4 23. Qxc3 (23. Nxe8 c2 24. Rde1 Qxe8 $16) 23... Ba6 24. Rfe1 (24. Nxe8 Bxf1 25. Nf6+ (25. Bxf1 Rxe8 26. f6 Qa7+ 27. Kg2 h6 $16) 25... gxf6 $18) 24... Red8 (24... Qa7+ $142 25. Kh1 Re7) 25. f6 Qe6 26. Qd2 (26. fxg7 $142 Kxg7 27. Be4) 26... gxf6 27. exf6 $2 (27. Be4 $18) 27... Qxf6 $11 28. Ne4 $1 Qe5 ({Weaker is} 28... Qe7 29. Qc3 Qf8 30. Nf6+ Kh8 31. Rxd8 (31. Bxc6 Rxd1 32. Rxd1 Rc8 $11) 31... Rxd8 32. Re8 (32. Bxc6 Nxc6 33. Qc2 Bd3 $11) 32... Rxe8 33. Nxe8+ Kg8 34. Nf6+ (34. Bxc6 Nd5 $14) 34... Kh8 35. Ne8+ (35. Bxc6 Nxc6 36. Nh5+ Kg8 $11) 35... f6 36. Nxf6 $16 (36. Qxf6+ Qxf6 37. Nxf6 Bd3 $11) (36. Bxc6 Nxc6 37. Qxc6 Bb7 $11)) 29. Qh6 $36 {[%emt 0:00:52][%mdl 3072] White has compensation. White fights for an advantage.} (29. Qxd8+ $2 Rxd8 30. Rxd8+ Kg7 $17) 29... Qg7 30. Qh4 (30. Rxd8+ $14 Rxd8 31. Nf6+ Kh8 32. Qh4) 30... Nd3 $2 (30... Rxd1 $1 $11 {and Black is okay.} 31. Rxd1 Nd5) 31. Nf6+ $18 {[%emt 0:00:18][%mdl 64] Discovered Attack} Kh8 {[%emt 0:00:10] [#]} 32. Re4 (32. Rf1 $1 $16 ) 32... Rd6 $2 (32... Nc5 $14 33. Red4 Ne6) 33. Ne8 Qh6 (33... Rh6 $142 34. Nxg7 Rxh4 35. Rxh4 Kxg7 36. Bxc6 Ra7) 34. Nxd6 Qxd6 35. Rd4 Qc5 (35... Qe5 $142 36. R4xd3 Bxd3 37. Rxd3 Qc5+ 38. Qd4+ Qxd4+ 39. Rxd4 c5 40. Bxa8 cxd4) 36. Qf6+ Kg8 37. Qd6 (37. Be4 $142 h5 38. Bxd3 Bxd3 39. R1xd3) 37... Qb6 $2 (37... Qxd6 38. Rxd6 Nb4 39. Bxc6 Nxc6 40. Rxc6 Bb7) 38. Bf1 Nb2 {[%emt 0:00:32] [#]} 39. Kg2 $1 {[%emt 0:00:48] White wants to mate with Rg4+.} h5 {[%emt 0:00:09] Inhibits Rg4+.} (39... Bc8 40. Qf6) 40. Re1 {[%emt 0:04:48] Intending Re5 and mate.} Bb7 41. Rd5 {[%emt 0:00:49] Rg5+ would kill now.} Qb4 42. Rg5+ Kh7 43. Rxh5+ Kg8 44. Rg5+ Kh7 45. Qxb4 (45. Bd3+ $142 Nxd3 46. Qxd3+ Kh6 {[#]} 47. Re6+ $3 Kxg5 48. Qe3+ Kh5 49. Qe5+ Kg4 50. h3#) 45... axb4 46. Re7 Rb8 47. Rxf7+ Kh8 48. Rf4 {[%emt 0:00:25][%cal Rf4h4] White mates.} c5+ 49. Kg1 Bc6 50. Rh4# {[%emt 0:00:05] Weighted Error Value: White=0.46/Black=1.11} 1-0

[Event "Leca Open 2022"]
[Site "Leca da Palmeira"]
[Date "2022.08.03"]
[Round "6.15"]
[White "Fernandes, Francisco Justo Sant"]
[Black "Mahitosh Dey"]
[Result "0-1"]
[ECO "C70"]
[WhiteElo "1788"]
[BlackElo "2212"]
[Annotator "TA"]
[PlyCount "50"]
[EventDate "2022.08.02"]
[EventType "swiss"]
[EventCountry "POR"]
[SourceTitle "playchess.com"]
[Source "ChessBase"]
[SourceQuality "1"]
[TimeControl "5400+30"]

1. e4 e5 2. Nf3 Nc6 3. Bb5 a6 4. Ba4 Bc5 5. O-O b5 6. Bb3 Nf6 7. Nxe5 Nxe5 8. d4 Bxd4 9. Qxd4 d6 10. Qd1 c5 11. c3 O-O 12. Bg5 {[%emt 0:03:44] [#]} Qb6 $146 {[%emt 0:01:48] C78: Ruy Lopez: Archangelsk and Möller Defences.} (12... h6 $11 13. Bxf6 Qxf6) ({Predecessor:} 12... h6 13. Bxf6 Qxf6 14. Bd5 Rb8 15. f4 Ng4 16. Qe2 Qh4 17. h3 Nf6 18. Nd2 Nxd5 19. exd5 Bb7 20. Qd3 {0-1 (42) Goltsev,D (2282)-Pranav,V (2486) Chess.com INT 2021}) 13. Bxf6 $14 gxf6 14. Bd5 Rb8 {[%emt 0:01:01] White is slightly better.} 15. f4 (15. Na3 $16) 15... c4+ $11 16. Kh1 Nd3 17. Qe2 {[%emt 0:07:19] Prevents Nf2+.} Be6 18. Nd2 Rbe8 {[%emt 0:00:55] [#] ...Bxd5 is the strong threat.} (18... Nxb2 19. Rab1 Na4 20. Qh5 $11) 19. Qf3 Bxd5 {[%emt 0:00:21] 0x0.001681303930dp-1022s more active pieces.} ({Reject} 19... Nxb2 20. Qg3+ Kh8 21. Qh4 $11) 20. exd5 f5 ({Don't take} 20... Nxb2 21. Ne4 Rxe4 22. Qxe4 $16) (20... Qe3 $15 {feels stronger.} 21. Qg4+ Kh8) 21. Qg3+ (21. b3 $11 {keeps the balance.}) 21... Kh8 $17 {[%emt 0:00:08] White must now prevent ...Rg8.} 22. Rf3 $2 {[%emt 0:09:11][%mdl 8192] White does not recover from this.} (22. Qh4 $17) 22... Re2 23. Qh4 {[%emt 0:05:39] [#] White threatens Qf6+ and mate.} f6 (23... Rxd2 $2 {leads to mate.} 24. Qf6+ Kg8 25. Rg3#) 24. Rxd3 (24. Nb3 Nf2+ 25. Kg1 Ne4+ 26. Nd4 Rxb2 27. Qh6) 24... cxd3 $19 25. Nf3 Qf2 {[%emt 0:00:15] Weighted Error Value: White=1.09/Black=0.43} 0-1

[Event "Leca Open 2022"]
[Site "Leca da Palmeira"]
[Date "2022.08.05"]
[Round "9.1"]
[White "Motylev, Alexander"]
[Black "Rodriguez Lopez, Rafael"]
[Result "1-0"]
[ECO "B67"]
[WhiteElo "2632"]
[BlackElo "2172"]
[Annotator "TA"]
[PlyCount "87"]
[EventDate "2022.08.02"]
[EventType "swiss"]
[EventCountry "POR"]
[SourceTitle "playchess.com"]
[Source "ChessBase"]
[SourceQuality "1"]
[TimeControl "5400+30"]

1. e4 c5 2. Nf3 d6 3. d4 cxd4 4. Nxd4 Nf6 5. Nc3 Nc6 6. Bg5 e6 7. Qd2 a6 8. O-O-O Bd7 9. f3 Be7 10. Kb1 Qc7 {[%emt 0:00:10] 10...Nxd4 is more fashionable. B67: Sicilian: Richter-Rauzer: 7...a6 8 0-0-0 Bd7, lines without 9 f4 Be7.} 11. g4 Nxd4 12. Qxd4 b5 {[%emt 0:00:12][%cal Bb7b5,Bb5b4][%mdl 32] White is slightly better.} 13. Be3 O-O 14. g5 Nh5 {[%emt 0:00:31] [#]} 15. f4 $146 (15. Qd2 $14) ({Predecessor:} 15. Qd2 Rfd8 16. Bh3 g6 17. Bg4 Ng7 18. h4 b4 19. Ne2 d5 20. e5 d4 21. Nxd4 Qxe5 {1-0 (28) Smirin,I (2614)-Rechlis,G (2513) Jerusalem 2021}) 15... Rfc8 $11 {[%emt 0:10:12][%cal Ob5b4] Threatens to win with ...b4!} 16. Qd2 Bc6 {[%emt 0:05:37] aiming for ...b4.} (16... b4 $5 17. Ne2 e5 $11) 17. Be2 b4 18. Nd5 exd5 19. Bxh5 dxe4 20. f5 Bf8 21. g6 Be8 {[%emt 0:16:12] This move loses the game for Black.} (21... f6 $1 $11 {and Black is okay.}) 22. gxh7+ $1 $18 Kh8 23. f6 Ba4 (23... g6 {keeps fighting.} 24. Bg4 Bd7 25. Bxd7 Qxd7) 24. b3 {[%emt 0:03:27] The board is on fire.} Be8 25. Bg4 Bd7 (25... Qc3 26. Bxc8 Rxc8 27. Qxc3 Rxc3) 26. Bxd7 Qxd7 27. fxg7+ Bxg7 28. Bd4 f6 29. Rhg1 {[%emt 0:00:43] Black must now prevent Rg3.} Rc7 $2 {[%emt 0:06:40] [#]} (29... Re8 30. Rg3 Re7) 30. Qf4 (30. Rxg7 $142 $1 Qxg7 31. Rg1) 30... Rf8 $2 {[%emt 0:03:07] [#]} (30... Qc6 31. Rd2 Rf8) 31. Qxe4 (31. Rxg7 $142 $1 Qxg7 32. Rg1) 31... Qc6 32. Qg6 {[%emt 0:01:36] Rde1 is the strong threat.} Qe8 33. Qf5 Qc8 34. Qd3 a5 $2 (34... Qe8 35. Rd2 Re7) 35. Rdf1 {[%emt 0:01:42] And now h4 would win.} Rcf7 $2 (35... Qe6 36. Rf3 d5) 36. Rf5 Qe6 37. Rxa5 d5 38. Rb5 Qd6 (38... Qa6 $142 39. Bc5 Rc8) 39. Bc5 Qxh2 40. Qxd5 f5 41. Rxg7 Kxg7 42. Bxf8+ {[%emt 0:00:34] White mates.} Kxf8 43. Qd8+ Kg7 44. Qg8+ {[%emt 0:00:06] Weighted Error Value: White=0.63/Black=0.83} 1-0